 Dungeon Crawl Stone Soup version 0.26-a0-712-ga5a9c9c9d0 (webtiles) character file.

Game seed: 5507571236823977765

79 kae the Insei (level 4, -2/25 HPs)
             Began as a Tengu Transmuter on Nov 13, 2020.
             Slain by Robin
             ... wielding a +6 mace of protection
              (6 damage)
             ... on level 2 of the Dungeon.
             The game lasted 00:01:44 (2028 turns).

kae the Insei (Tengu Transmuter)                    Turns: 2028, Time: 00:01:44

Health: -2/25      AC:  4    Str: 11    XL:     4   Next: 38%
Magic:  8/8        EV: 13    Int: 15    God:
Gold:   21         SH:  0    Dex: 15    Spells: 3/7 levels left

rFire    + . .     SeeInvis .     - Unarmed
rCold    + . .     Faith    .   (no shield)
rNeg     . . .     Spirit   .   a - +0 robe
rPois    +         Reflect  .   (helmet restricted)
rElec    +         Harm     .   (no cloak)
rCorr    +         Rampage  .   (no gloves)
MR       .....                  (boots unavailable)
Stlth    +.........             (no amulet)
HPRegen  0.08/turn              (no ring)
MPRegen  0.11/turn              (no ring)

@: resistant, very slightly contaminated
A: beak, talons 3, yellow scales 1, clever 1
a: no special abilities


You were on level 2 of the Dungeon.
You visited 1 branch of the dungeon, and saw 2 of its levels.

You collected 21 gold pieces.

Inventory:

Armour
 a - a +0 robe (worn)
Scrolls
 d - a scroll of identify
Potions
 f - a potion of mutation
 h - a potion of might


   Skills:
 - Level 1.0 Fighting
 - Level 2.1 Dodging
 + Level 4.1 Unarmed Combat
 - Level 2.0 Spellcasting
 * Level 3.2 Transmutations


You had 3 spell levels left.
You knew the following spells:

 Your Spells              Type           Power        Failure   Level
a - Beastly Appendage     Tmut           ##....       6%          1
b - Spider Form           Tmut/Pois      #.........   34%         3

Your spell library contained the following spells:

 Spells                   Type           Power        Failure   Level
 Wereblood                Tmut           ##......     9%          2
 Ice Form                 Ice/Tmut       #.......     75%         4
 Blade Hands              Tmut           ##........   86%         5


Dungeon Overview and Level Annotations

Branches:
Dungeon (2/15)

Altars:

Annotations:
D:2 Robin


Innate Abilities, Weirdness & Mutations

You have a beak for a mouth.
You have claws for feet.
You are partially covered in yellow scales. (AC +2)
Your mind is acute. (Int +2)


Message History

Robin closely misses you.
Items here: ( )) †.
Found 8 gold pieces.
Robin says, "A pitiful Tengu like you will never find the ORB!"
Okay, then.
Found 14 arrows.
Found a stone staircase leading down.
You see here 8 gold pieces.
Found 8 gold pieces.
A bat comes into view.
Sorry, you're not good enough to have a special ability.
There is a stone staircase leading down here.
Robin says, "We wiped out the hill dwarves - you're next!"
A kobold comes into view. It is wielding a +0 dagger.
The kobold shouts!
The kobold completely misses you.
You barely miss the kobold. Your kick misses the kobold.
Your peck misses the kobold.
Robin hits you with a +6 mace of protection.
You die...

#...# ##.$# .
#..# ..###..##
.........######
..$...........#
#.....(...###.###
#.........# #bK.#
#.......>.#####@#
#......#..#...g.#
#......#..#.#####
......#....#
#####....###
#.#### #. #


You could see Robin, a bat and a kobold.

Vanquished Creatures
  An adder (D:2)
  An ooze (D:1)
  2 dart slugs
  3 leopard geckos (D:1)
  3 giant cockroaches
  16 goblins
  6 hobgoblins
  6 jackals (D:1)
  A kobold (D:1)
  7 bats (D:1)
  4 frilled lizards (D:1)
  A rat (D:1)
  A bush (D:1)
52 creatures vanquished.

Vanquished Creatures (others)
  8 plants (D:1)
8 creatures vanquished.

Grand Total: 60 creatures vanquished

Notes
Turn   | Place    | Note
-------+----------+-------------------------------------------
     0 | D:1      | kae the Tengu Transmuter began the quest for the Orb.
     0 | D:1      | Reached XP level 1. HP: 12/12 MP: 4/4
   213 | D:1      | Reached XP level 2. HP: 14/16 MP: 4/6
   484 | D:1      | Reached XP level 3. HP: 18/20 MP: 7/7
   503 | D:1      | Learned a level 3 spell: Spider Form
  1716 | D:2      | Reached skill level 4 in Unarmed Combat
  1961 | D:2      | Reached XP level 4. HP: 23/25 MP: 6/8
  1972 | D:2      | Noticed Robin
  2001 | D:2      | Gained mutation: You are partially covered in yellow
                  | scales. (AC +2) [potion of mutation]
  2001 | D:2      | Gained mutation: Your mind is acute. (Int +2) [potion of
                  | mutation]
  2028 | D:2      | Slain by Robin

Illustrated notes

Levels and vault maps discovered:
D:1:      tarquinn_simple_flora_water_a, layout_basic, serial_forest,
          infiniplex_forest_straight_4, infiniplex_forest_join,
          infiniplex_forest_clump_tiny, infiniplex_forest_clump_C,
          infiniplex_forest_clump_double, infiniplex_forest_clump_small,
          minmay_vboxes
D:2:      layout_basic, bloody_makhleb, uniq_robin, uniq_jessica

Skill      XL: |  1  2  3 |
---------------+----------+-----
Transmutations | 2 3 |  3.2
Unarmed Combat | 4 |  4.1
Fighting       | |  1.0
Dodging        | |  2.1
Spellcasting   | |  2.0

Action                   |  1- 3 |  4- 6 || total
-------------------------+-------+-------++-------
Melee: Unarmed           |   208 |    30 ||   238
       Peck              |    40 |     1 ||    41
       Kick              |    61 |     2 ||    63
       Headbutt          |     6 |       ||     6
       Punch             |     2 |       ||     2
 Cast: Beastly Appendage |    17 |       ||    17
       Spider Form       |     2 |     2 ||     4
  Use: Scroll            |     3 |       ||     3
       Potion            |       |     3 ||     3
Armor: Robe              |    21 |       ||    21
       Skin              |     1 |     1 ||     2
Dodge: Dodged            |    68 |    31 ||    99

Table legend: (Time is in decaauts)
 A = Elapsed time spent in this place.
 B = Non-inter-level travel time spent in this place.
 C = Inter-level travel time spent in this place.
 D = Time resting spent in this place.
 E = Time spent auto-exploring this place.
 F = Levels seen in this place.
 G = Mean time per level.
                   A        B        C        D        E       F      G
               +--------+--------+--------+--------+--------+-----+--------+
         Total |   2011 |   1988 |     23 |     56 |   1527 |   2 | 1005.5 |
       Dungeon |   2011 |   1988 |     23 |     56 |   1527 |   2 | 1005.5 |
               +--------+--------+--------+--------+--------+-----+--------+

Top non-repeatable levels by time:
     D:1: 1686 daAuts
     D:2: 324 daAuts
